 Dungeon Crawl Stone Soup version 0.29.1-4-g47bece8355 (webtiles) character file.

Game seed: 8768148641616183821

193 hawla the Chiller (level 6, -2/46 HPs)
             Began as a Meteoran Ice Elementalist on Dec 11, 2022.
             Slain by a gnoll
             ... wielding a +0 spear of venom
             ... led by a gnoll bouda
              (9 damage)
             ... on level 4 of the Dungeon.
             The game lasted 00:03:05 (605 turns).

hawla the Chiller (Meteoran Ice Elementalist)        Turns: 605, Time: 00:03:05

Health: -2/46      AC:  2    Str: 10    XL:     6   Next: 24%
Magic:  6/14       EV: 13    Int: 18    God:
Gold:   70         SH:  0    Dex: 15    Spells: 11/15 levels left

rFire   . . .      SeeInvis .   (no weapon)
rCold   . . .      Faith    .   (no shield)
rNeg    . . .      Spirit   .   a - +0 robe
rPois   .          Reflect  .   (no helmet)
rElec   .          Harm     .   (no cloak)
rCorr   .          Rampage  .   (no gloves)
Will    .....                   (no boots)
Stlth   +.........              (no amulet)
HPRegen 0.15/turn               (no ring)
MPRegen 0.14/turn               (no ring)

@: lethally poisoned (-2 -> -11), weakened, glowing, invisible (but backlit and
visible)
A: sense surroundings 1, otherworldly, glowing, explore regen
a: no special abilities


You were on level 4 of the Dungeon.
You visited 1 branch of the dungeon, and saw 4 of its levels.

You collected 70 gold pieces.

Inventory:

Armour
 a - a +0 robe (worn)
Scrolls
 c - 2 scrolls of fear


   Skills:
 + Level 0.7 Fighting
 + Level 3.0 Dodging
 - Level 1.4 Stealth
 + Level 5.0 Spellcasting
 + Level 6.0 Ice Magic


You had 11 spell levels left.
You knew the following spells:

 Your Spells              Type           Power      Damage    Failure   Level
a - Freeze                Ice            100%       1d11      1%          1
b - Frozen Ramparts       Ice            52%        1d8       3%          3

Your spell library contained the following spells:

 Spells                   Type           Power      Damage    Failure   Level
 Ozocubu's Armour         Ice            26%        N/A       3%          3
 Hailstorm                Conj/Ice       15%        3d5       36%         4


Dungeon Overview and Level Annotations

Branches:
Dungeon (4/15) Zot: 1794
 Temple: D:4-7

Altars:
Okawaru
Ru


Innate Abilities, Weirdness & Mutations

You passively map a small area around you.
You are easily found by Zot.
You glow in the dark.
You regain HP and MP as you explore.


Message History

Aiming: Freeze (safe; 1% risk of failure)
Press: ? - help, Shift-Dir - straight line, f/p - scorpion
Aim: a scorpion (almost dead)
You freeze the scorpion.
You kill the scorpion!
The wall freezes the gnoll bouda.
The wall freezes the gnoll.
Your Dodging skill increases to level 3!
You have reached level 6!
You feel stronger.
Casting: Freeze (safe; 1% risk of failure)
Confirm with . or Enter, or press ? or * to list all spells.
Aiming: Freeze (safe; 1% risk of failure)
Press: ? - help, Shift-Dir - straight line, f - gnoll bouda
Aim: a gnoll bouda, wielding a +0 club and wearing a +0 robe (heavily wounded)
You freeze the gnoll bouda!
You kill the gnoll bouda!
The wall freezes the gnoll!
The gnoll hits you from afar with a +0 spear of venom.
You are poisoned.
Your Spellcasting skill increases to level 5!
Your Ice Magic skill increases to level 6!
Casting: Freeze (safe; 1% risk of failure)
Confirm with . or Enter, or press ? or * to list all spells.
You can't see any susceptible monsters within range! (Use Z to cast anyway.) Unknown command.
Unknown command.
It was a potion of invisibility.
You become transparent, but the glow from your body prevents you from becoming completely invisible.
You feel sick.
The wall freezes the gnoll. x2
The gnoll hits you from afar with a +0 spear of venom.
You are lethally poisoned!
Unknown command.
Your frozen ramparts will break if you move.
Continue?
The frozen ramparts melt away as you move.
* * * LOW HITPOINT WARNING * * *
You feel very sick.
* * * LOW HITPOINT WARNING * * *
You feel very sick.
The gnoll hits you from afar with a +0 spear of venom!
You die...

######### #####
##.......## * ##...###
#.......... ,
##.###..#####.#.####^#
##.## ##.........#,
#.## ##...####@# , .##
##### #.# , ## #g# ,,
# #)#, #g#, , * * #.#
,, , , #g# * ,
#........ * .........


You could see 3 gnolls.

Vanquished Creatures
  A scorpion (D:4)
  A hound (D:4)
  A gnoll bouda (D:4)
  An iguana (D:4)
  A gnoll (D:4)
  2 adders (D:3)
  6 orcs (D:4)
  2 ball pythons
  2 endoplasms
  A quokka (D:1)
  3 kobolds
  A rat (D:3)
22 creatures vanquished.

Notes
Turn   | Place    | Note
-------+----------+-------------------------------------------
     0 | D:1      | hawla the Meteoran Ice Elementalist began the quest for the
                  | Orb.
     0 | D:1      | Reached XP level 1. HP: 14/14 MP: 5/5
   106 | D:2      | Reached XP level 2. HP: 20/20 MP: 3/6
   108 | D:2      | You fall into a shaft and drop 2 floors!
   184 | D:3      | Reached XP level 3. HP: 18/26 MP: 0/8
   261 | D:4      | Reached skill level 5 in Ice Magic
   265 | D:4      | Learned a level 3 spell: Frozen Ramparts
   288 | D:4      | Reached XP level 4. HP: 5/33 MP: 5/10
   485 | D:4      | Found an iron altar of Okawaru.
   486 | D:4      | Found a sacrificial altar of Ru.
   505 | D:4      | Reached XP level 5. HP: 24/38 MP: 6/12
   602 | D:4      | Reached XP level 6. HP: 27/46 MP: 6/14
   603 | D:4      | Reached skill level 5 in Spellcasting
   603 | D:4      | Reached skill level 6 in Ice Magic
   605 | D:4      | Slain by a gnoll

Illustrated notes

Levels and vault maps discovered:
D:1:      spicycebolla_arrival_clurvy, layout_rooms,
          shapermc_ecumenical_altar_mp_ritualfount, minmay_domino_2
D:2:      layout_basic, kennysheep_decorative_pillar
D:3:      minmay_goblin_kobold_castle, layout_basic, minitemple,
          kennysheep_generic_room_2, uniq_terence, uniq_sigmund, uniq_grinder
D:4:      layout_layer_cave, makhleb_heckhound_becter, lemuel_tele_altar,
          mainiacjoe_overflow_divided_tiny

Skill      XL: |  1  2  3  4  5  6 |
---------------+-------------------+-----
Spellcasting   | 3 4 5 |  5.0
Ice Magic      | 5 6 |  6.0
Dodging        | 3 |  3.0
Fighting       | |  0.7
Stealth        | |  1.4

Action                   |  1- 3 |  4- 6 || total
-------------------------+-------+-------++-------
Melee: Unarmed           |     4 |       ||     4
 Cast: Freeze            |    24 |    18 ||    42
       Frozen Ramparts   |     3 |     2 ||     5
  Use: Scroll            |     2 |       ||     2
       Potion            |     1 |     1 ||     2
Armor: Robe              |     4 |     4 ||     8
Dodge: Dodged            |    19 |    14 ||    33
